AoeStats
← The Bear Jew

Nomad

508064257Analyzed
3v3 RM · 11d ago on Sep 20, 2026· 36m 32s· 6 players
Game mode
Random Map
Map size
210×210
Population
200
Speed
Normal
Resources
Standard
Victory
Conquest
Starting age
Dark Age
Ending age
Imperial Age
RankedLock teamsTeams togetherTeam positionsShared explorationLock speedFull tech treeHidden civsTurbo modeCheats
Victory
Defeat
🇦🇷 Spanish · Argentina
1176
+13
🇦🇷 Magyars · Argentina
1077
+17
🇦🇷 Wu · Argentina
1062
+18
🇪🇸 Teutons · Spain
1110
-16
🇬🇧 Cumans · United Kingdom
1109
-16
🇪🇸 Huns · Spain
1108
-16
LyM.Chufri23
4:49 Loom
13:49 Feudal Age
17:33 Castle Age
16:10 Double-Bit Axe
18:26 Bow Saw
21:31 Padded Archer Armor
26:17 Horse Collar
30:01 Wheelbarrow
29:12 Town Watch
34:52 Imperial Age
33:53 Bloodlines
33:53 Scale Barding Armor
LyM.leantorras
4:23 Loom
13:53 Feudal Age
14:33 Double-Bit Axe
16:05 Horse Collar
24:38 Castle Age
27:35 Bow Saw
LyM. El Arquitecto
3:22 Loom
16:43 Feudal Age
18:06 Town Watch
18:21 Fishing Lines
19:10 Gold Mining
19:59 Double-Bit Axe
22:08 Fletching
22:19 Padded Archer Armor
25:55 Castle Age
25:57 Forging
25:47 Scale Mail Armor
25:52 Man-at-Arms
26:17 Arson
27:37 Medium Warships
27:18 Gillnets
28:31 Pikeman
29:12 Squires
29:01 Long Swordsman
30:20 Chain Mail Armor
31:20 Iron Casting
37:05 Wheelbarrow
Basado Basadez
9:43 Loom
15:02 Feudal Age
22:25 Castle Age
20:47 Stone Mining
21:46 Gold Mining
21:44 Double-Bit Axe
23:25 Wheelbarrow
22:37 Horse Collar
30:20 Imperial Age
29:51 Hand Cart
29:22 Town Watch
32:57 Town Patrol
Goroez
4:27 Loom
15:24 Feudal Age
17:42 Scale Barding Armor
17:47 Forging
18:20 Bloodlines
18:28 Double-Bit Axe
18:25 Horse Collar
22:50 Castle Age
25:20 Wheelbarrow
26:30 Hand Cart
27:41 Husbandry
27:41 Fletching
28:20 Town Watch
The Bear Jew
5:46 Loom
15:20 Feudal Age
16:00 Horse Collar
16:42 Double-Bit Axe
24:05 Castle Age
22:16 Scale Mail Armor
23:35 Stone Mining
25:42 Stone Shaft Mining
25:50 Bow Saw
26:44 Heavy Plow
27:01 Squires
26:21 Pikeman
28:28 Fletching
29:22 Chain Mail Armor
29:50 Bodkin Arrow
31:34 Gold Mining
Connection lost

Rejoining the realm…

Still unreachable

The connection could not be restored.

Session expired

The server has moved on; the page needs a fresh start.